 Dungeon Crawl Stone Soup version 0.30.1-4-g462c640d31 (webtiles) character file.

Game seed: 8209232302582125289

1895 booth the Cleaver (level 9, -1/78 HPs)
             Began as a Hill Orc Monk on Sept 6, 2023.
             Was an Elder of Beogh.
             Engulfed by a steam dragon's steam (6 damage)
             ... on level 7 of the Dungeon.
             The game lasted 00:34:42 (7638 turns).

booth the Cleaver (Hill Orc Monk)                   Turns: 7638, Time: 00:34:43

Health: -1/78      AC:  7    Str: 18    XL:     9   Next: 15%
Magic:  6/9        EV: 12    Int: 13    God:    Beogh [****..]
Gold:   251        SH:  0    Dex: 13    Spells: 8/8 levels left

rFire   . . .        k - +0 war axe
rCold   . . .        d - orb {light}
rNeg    . . .        t - +0 ring mail
rPois   +            u - +1 helmet {Int+3}
rElec   .            (no cloak)
rCorr   .            (no gloves)
SInv    .            (no boots)
Will    .....        (no amulet)
Stlth   +            i - ring of poison resistance
HPRegen 0.33/turn    (no ring)
MPRegen 0.11/turn

%: no passive effects
@: glowing
A: no potion heal 1
a: Renounce Religion, Smiting, Recall Orcish Followers


You were on level 7 of the Dungeon.
You worshipped Beogh.
Beogh was greatly pleased with you.
You visited 1 branch of the dungeon, and saw 7 of its levels.

You collected 438 gold pieces.
You spent 187 gold pieces at shops.

Inventory:

Hand Weapons
 j - a +1 heavy mace
 k - a +0 war axe (weapon)
 s - the +6 flail of Starshine {elec, Will- Int+2 Dex+3 SInv}
   (You found it on level 5 of the Dungeon)

   Int:       It affects your intelligence (+2).
   Dex:       It affects your dexterity (+3).
   SInv:      It lets you see invisible.
   Will:      It decreases your willpower.
Missiles
 e - 6 poisoned darts (quivered)
 r - 7 boomerangs
 y - a throwing net
Armour
 d - an orb of light (worn)
 h - a +0 scale mail
 t - a +0 ring mail (worn)
 u - a +1 helmet of intelligence (worn)
Jewellery
 i - a ring of poison resistance (left hand)
 x - a ring of ice
Wands
 z - a wand of polymorph (9)
Scrolls
 c - a scroll of blinking {unknown}
 f - a scroll of fear
 m - a scroll of immolation
 n - a scroll of poison
 p - 3 scrolls of teleportation
 q - 2 scrolls of amnesia
Potions
 b - 2 potions of curing
 g - 2 potions of flight
 l - a potion of berserk rage {unknown}
 o - a potion of attraction
 v - a potion of lignification
 w - a potion of cancellation {unknown}


   Skills:
 + Level 6.8 Fighting
 * Level 9.7(10.4) Axes
 + Level 4.6(7.0) Maces & Flails
 + Level 4.0 Throwing
 + Level 4.6 Dodging


You had 8 spell levels left.
You didn't know any spells.
Your spell library contained the following spells:

 Spells                   Type           Power      Damage    Failure   Level
 Apportation              Tloc           0%         N/A       50%         1
 Freeze                   Ice            0%         1d3       50%         1
 Necrotise                Necr           0%         1d4       50%         1
 Summon Small Mammal      Summ           0%         N/A       50%         1
 Frozen Ramparts          Ice            0%         1d1       86%         3
 Hailstorm                Conj/Ice       0%         3d3       86%         3
 Ignite Poison            Fire/Tmut/Pois 0%         N/A       86%         3
 Sticky Flame             Conj/Fire      0%         2d3       99%         4
 Ignition                 Fire           0%         3d3       100%        8


Dungeon Overview and Level Annotations

Branches:
Dungeon (7/15)             Temple (0/1) D:6

Altars:
Gozag
Hepliaklqana

Shops:
D:5 [


Innate Abilities, Weirdness & Mutations

Potions are less effective at restoring your health.


Message History

Your orc barely misses the steam dragon.
Things that are here:
+0 steam dragon scales; a steam dragon corpse You barely miss the steam dragon.
The steam dragon breathes steam at you. The ball of steam hits you!
* * * LOW HITPOINT WARNING * * *
Your orc hits the steam dragon with a +0 short sword.
Your orc warrior hits the steam dragon with a +0 dagger.
You hear a loud, deep croak!
You hit the steam dragon but do no damage.
The steam dragon is lightly wounded.
You are engulfed in a cloud of scalding steam.
The steam dragon bites you but does no damage.
The steam dragon misses you.
Your orc misses the steam dragon.
Your orc warrior closely misses the steam dragon.
Okay, then.
You slash the steam dragon!
The steam dragon is heavily wounded.
You are engulfed in a cloud of scalding steam.
* * * LOW HITPOINT WARNING * * *
The steam dragon misses you.
The steam dragon claws you but does no damage.
Your orc hits the steam dragon but does no damage.
Your orc warrior hits the steam dragon with a +0 dagger!
Aiming: Smiting
Press: ? - help, Dir - move target, f - steam dragon Smite: a steam dragon (severely wounded, ally target, haloed)
You fail to use your ability.
The steam dragon breathes steam at you. The ball of steam misses you.
Your orc warrior hits the steam dragon with a +0 dagger.
Your orc hits the steam dragon but does no damage.
Aiming: Smiting
Press: ? - help, Dir - move target, f/p - steam dragon Smite: a steam dragon (steam, severely wounded, catching its breath, ally target, haloed)
You smite the steam dragon!
The steam dragon is almost dead.
You are engulfed in a cloud of scalding steam.
You die...

... .......####.#.#..###
........................
....#....>.######.#.####
.....#.....<. ...#.#
../.......########.#
#.#.#.#.#.......# #.#
F........##§###.# #.#
#.#.#.#o##...##.# #.#
.....FD@§§....#.###.#
#.#.#.#o#.........[.#
###.......#.########
####...##....o....
##.############ ###


You could see a steam dragon (catching breath, ally target), a bullfrog, a
friendly orc warrior and a friendly orc.

Vanquished Creatures
  Grinder (D:5)
  A steam dragon (D:7)
  Edmund (D:5)
  An ice beast (D:5)
  An orc warrior (D:6)
  2 sky beasts (D:6)
  A black bear (D:5)
  5 scorpions
  A howler monkey (D:6)
  A jelly (D:4)
  A hound (D:6)
  A gnoll bouda (D:4)
  4 orc priests
  An orc wizard (D:5)
  9 gnolls
  4 adders
  2 shadow imps (D:6)
  2 ufetubi
  3 worms
  A dart slug (D:2)
  6 orcs
  4 bats
  7 endoplasms
  2 giant cockroaches
  2 goblins (D:2)
  3 hobgoblins
  4 jackals
  8 kobolds
  6 quokkas
  5 ball pythons
  3 frilled lizards
  5 rats
98 creatures vanquished.

Vanquished Creatures (collateral kills)
  A black bear (D:7)
  An ice beast (D:6)
  A sky beast (D:6)
  A centaur (D:5)
  A phantom (D:6)
  A howler monkey (D:5)
  A hound (D:6)
  2 jellies
  A sleepcap (D:5)
  An iguana (D:5)
  2 orc wizards (D:5)
  2 adders
  4 gnolls (D:5)
  A shadow imp (D:5)
  3 orcs
  2 endoplasms (D:4)
  2 giant cockroaches (D:4)
  A hobgoblin (D:4)
  A jackal (D:4)
29 creatures vanquished.

Vanquished Creatures (others)
  An orc warrior (D:7)
  8 orcs
  A ball python (D:3)
  A goblin (D:3)
  A rat (D:3)
12 creatures vanquished.

Grand Total: 139 creatures vanquished

Notes
Turn   | Place    | Note
-------+----------+-------------------------------------------
     0 | D:1      | booth the Hill Orc Monk began the quest for the Orb.
     0 | D:1      | Reached XP level 1. HP: 19/19 MP: 1/1
   455 | D:1      | Reached XP level 2. HP: 26/27 MP: 2/2
   931 | D:2      | Reached XP level 3. HP: 28/33 MP: 3/3
  1104 | D:2      | Found a faded altar of an unknown god.
  2061 | D:3      | Became a worshipper of Beogh the Brigand
  2061 | D:3      | Reached * piety under Beogh
  2061 | D:3      | Reached ** piety under Beogh
  2077 | D:3      | Reached skill level 5 in Axes
  2077 | D:3      | Reached skill level 1 in Maces & Flails
  2077 | D:3      | Reached XP level 4. HP: 16/41 MP: 4/4
  2215 | D:3      | Noticed a scorpion
  2248 | D:3      | Killed a scorpion
  2249 | D:3      | Reached skill level 1 in Throwing
  2249 | D:3      | Reached XP level 5. HP: 11/47 MP: 5/5
  3041 | D:4      | Found an opulent altar of Gozag.
  3194 | D:4      | Reached skill level 6 in Axes
  3194 | D:4      | Reached XP level 6. HP: 22/53 MP: 6/6
  3515 | D:4      | Reached *** piety under Beogh
  3692 | D:4      | Reached skill level 5 in Fighting
  3888 | D:4      | Reached XP level 7. HP: 30/61 MP: 7/7
  4360 | D:5      | Entered Level 5 of the Dungeon
  4382 | D:5      | Reached skill level 7 in Axes
  4459 | D:5      | Identified the +6 flail of Starshine {elec, Will- Int+2
                  | Dex+3 SInv}
  4656 | D:5      | Noticed Edmund
  4666 | D:5      | Killed Edmund
  4721 | D:5      | Reached XP level 8. HP: 33/70 MP: 8/8
  4845 | D:5      | Found Lisitix's Antique Armour Shoppe.
  4896 | D:5      | Bought a runed helmet for 187 gold pieces
  5426 | D:5      | Reached skill level 8 in Axes
  5506 | D:5      | Found a hazy altar of Hepliaklqana.
  5614 | D:5      | Noticed Grinder
  5628 | D:5      | Killed Grinder
  6228 | D:6      | Found a staircase to the Ecumenical Temple.
  6284 | D:6      | Reached skill level 9 in Axes
  6423 | D:6      | Reached **** piety under Beogh
  6704 | D:6      | Reached XP level 9. HP: 62/78 MP: 9/9
  7513 | D:6      | Gained mutation: Potions are less effective at restoring
                  | your health. [potion of mutation]
  7638 | D:7      | Engulfed by a steam dragon's steam

Illustrated notes

Levels and vault maps discovered:
D:1:      lightli_molten_gateway, layout_loops_ring, serial_bayou_pond_e
D:2:      layout_loops_ring, chequers_ecumenical_altar_grove
D:3:      layout_basic, roderic_serpentine_path, chequers_serial_rivers_room_a,
          grunt_decor_clamped, minmay_misc_feat_five
D:4:      layout_loops_ring, lemuel_crystal_altar, kennysheep_small_circle
D:5:      layout_basic, kennysheep_mini, serial_shops,
          nicolae_shop_overgrown_old_shop, dreamdust_princess_corridor,
          uniq_grinder, uniq_edmund
D:6:      layout_loops_ring, minmay_temple_entry_purple_smoke
D:7:      minmay_flawed_box, layout_loops_ring, enter_bailey_3, st_stairs_13,
          minmay_fractal_squares_gapless_5

Skill      XL: |  1  2  3  4  5  6  7  8  9 |
---------------+----------------------------+-----
Fighting       | 4 5 6 |  6.8
Axes           | 5 6 7 9 |  9.7
Maces & Flails | 1 2 3 4 |  4.6
Throwing       | 1 2 3 4 |  4.0
Dodging        | 3 4 |  4.6

Action                     |  1- 3 |  4- 6 |  7- 9 || total
---------------------------+-------+-------+-------++-------
  Melee: Hand axe          |   122 |   188 |   148 ||   458
         War axe           |       |       |     9 ||     9
  Throw: Dart              |       |     6 |     2 ||     8
 Invoke: Convert to Beogh  |     1 |       |       ||     1
         Smiting           |       |       |     1 ||     1
         Recall Orcish Fol |       |       |     1 ||     1
    Use: Scroll            |     4 |     3 |     4 ||    11
         Potion            |     3 |     2 |     3 ||     8
   Stab: Distracted        |       |       |     1 ||     1
 Armour: Scale mail        |    44 |    42 |     1 ||    87
         Robe              |     1 |       |       ||     1
         Ring mail         |       |       |    53 ||    53
  Dodge: Dodged            |    45 |    79 |    99 ||   223
